[Event "WYCC 2018 G18"]
[Site "Halkidiki"]
[Date "2018.10.27"]
[Round "8"]
[White "Afonasieva, Anna"]
[Black "Radeva, Viktoria"]
[Result "1/2-1/2"]
[ECO "D02"]
[WhiteElo "2245"]
[BlackElo "2163"]
[Annotator "NA"]
[PlyCount "162"]
[EventDate "2018.10.20"]
[EventType "swiss"]
[EventCountry "GRE"]
[SourceTitle "playchess.com"]
[Source "ChessBase"]
[SourceQuality "1"]
[TimeControl "40/5400+30:1800+30"]

1. d4 d5 2. Nf3 Nf6 3. c4 e6 4. e3 c5 5. Nc3 Nc6 6. cxd5 exd5 7. Be2 Bd6 8. O-O O-O 9. dxc5 Bxc5 10. b3 a6 11. Bb2 Be6 {[%emt 0:06:30] LiveBook: 46 Games} 12. Rc1 Ba7 13. Na4 Rc8 14. Nc5 $11 Ne4 15. Nxe6 fxe6 16. Bd3 Ng5 17. Ne5 Nxe5 18. Bxe5 Rxc1 19. Qxc1 Nf7 20. Bg3 e5 21. Rd1 d4 22. exd4 exd4 23. Qf4 Qe7 24. a4 Nh6 25. Qe4 Qxe4 26. Bxe4 b5 27. axb5 axb5 28. Bd3 Nf5 29. Bxb5 Nxg3 30. hxg3 Rb8 31. Bc4+ Kf8 32. Kf1 Bc5 33. Ke2 Ke7 34. Kd3 Rf8 35. Re1+ Kd7 36. Re2 Rf6 37. Rb2 Ba3 38. Ra2 Bc5 39. Re2 Kd6 40. f3 Kd7 41. Re5 Kd6 42. Rd5+ Kc6 43. g4 Rh6 44. Rg5 g6 45. Bd5+ Kb5 46. Re5 Rh1 47. Re8 Rd1+ 48. Kc2 Ra1 49. Rh8 Bb4 50. Bc4+ Kc5 51. Rxh7 Ra2+ 52. Kd3 Rxg2 53. Rc7+ Kd6 54. Rg7 Ke5 55. Bg8 Rf2 56. Kc4 Bc3 57. Bd5 Kf6 58. Rg8 Re2 59. f4 Bb2 60. Rf8+ Ke7 61. Rf7+ Ke8 62. Kd3 Re3+ 63. Kc2 Re2+ 64. Kd1 Rf2 65. Bc4 Bc3 66. f5 gxf5 67. Rxf5 Rxf5 68. gxf5 Ke7 69. Ke2 Kf6 70. Bd3 Ke5 71. Kf3 Bd2 72. Kg4 Kf6 73. Kh5 Bc3 74. Kh4 Be1+ 75. Kg4 Bd2 76. Kf3 Ke5 77. Bb1 Ba5 78. Ke2 Bc3 79. Bc2 Ba5 80. Bd3 Bc3 81. Kf3 Bd2 {[%emt 0:00:39] Ke4+} 1/2-1/2

[Event "WYCC 2018 G18"]
[Site "Halkidiki"]
[Date "2018.10.27"]
[Round "8"]
[White "Chitlange Sakshi"]
[Black "Janiashvili, Mariami"]
[Result "1/2-1/2"]
[ECO "A42"]
[WhiteElo "2237"]
[BlackElo "2081"]
[Annotator "NA"]
[PlyCount "178"]
[EventDate "2018.10.20"]
[EventType "swiss"]
[EventCountry "GRE"]
[SourceTitle "playchess.com"]
[Source "ChessBase"]
[SourceQuality "1"]
[TimeControl "40/5400+30:1800+30"]

1. d4 g6 2. c4 Bg7 3. Nc3 d6 4. e4 e5 5. d5 Nd7 6. Bd3 a5 7. Nge2 Nc5 {[%emt 0:07:54] LiveBook: 7 Partien} 8. Bc2 Ne7 9. O-O O-O 10. Rb1 f5 11. exf5 Nxf5 $11 12. Ne4 Nxe4 13. Bxe4 Qh4 14. Qd3 Nh6 15. f3 Bd7 16. Be3 Qe7 17. Rbc1 b6 18. b3 Nf5 19. Bxf5 Bxf5 20. Qd2 Bd7 21. Ng3 Qh4 22. Ne4 h6 23. Rfe1 Kh7 24. a3 g5 25. Ng3 g4 26. Qd3+ Kg8 27. Qe4 Rf7 28. b4 axb4 29. axb4 Ra2 30. Ra1 Rb2 31. Reb1 Rxb1+ 32. Rxb1 Qxg3 33. hxg3 Bf5 34. Qxf5 Rxf5 35. fxg4 Rf7 36. Rf1 Rxf1+ 37. Kxf1 Kf7 38. Ke2 Kg6 39. Kd3 Bf6 40. Ke4 Be7 41. Bd2 Bg5 42. Be1 Bf6 43. Bf2 Be7 44. Be3 Bg5 45. Bf2 Be7 46. Bg1 Kg5 47. Kf3 Kg6 48. Bf2 Kg5 49. Be1 Kg6 50. Bc3 Bf6 51. Ke4 Kg5 52. Bd2+ Kg6 53. Kd3 Bg5 54. Be1 Bd8 55. Bf2 Kg5 56. Be3+ Kxg4 57. Bxh6 Kxg3 58. Bf8 Kxg2 59. Ke4 Kg3 60. c5 bxc5 61. bxc5 dxc5 62. Bxc5 Bf6 63. Kf5 Bh8 64. Bb6 Bg7 65. Bxc7 Bf8 66. Kxe5 Kf3 67. Bd6 Bg7+ 68. Kf5 Bh6 69. Be7 Bf4 70. Bf6 Be3 71. d6 Bc5 72. d7 Bb6 73. Ke5 Kg4 74. Kd6 Kf5 75. Bh4 Ba5 76. Ke7 Bb6 77. Ke8 Ke6 78. Bf2 Bc7 79. Bc5 Ba5 80. Be7 Bb6 81. Bd8 Be3 82. Bc7 Bg5 83. Bf4 Bh4 84. Bg3 Bg5 85. Bc7 Bh4 86. Bd8 Be1 87. Bg5 Ba5 88. Bd2 Bb6 89. Bb4 Bc7 1/2-1/2

[Event "WYCC 2018 G18"]
[Site "Halkidiki"]
[Date "2018.10.27"]
[Round "8"]
[White "Hrescak, Ivana"]
[Black "Koehler, Inken"]
[Result "0-1"]
[ECO "D11"]
[WhiteElo "2173"]
[BlackElo "1934"]
[Annotator "NA"]
[PlyCount "94"]
[EventDate "2018.10.20"]
[EventType "swiss"]
[EventCountry "GRE"]
[SourceTitle "playchess.com"]
[Source "ChessBase"]
[SourceQuality "1"]
[TimeControl "40/5400+30:1800+30"]

1. d4 d5 2. c4 c6 3. Nf3 Nf6 4. g3 Bf5 5. Nc3 e6 6. Nh4 Be4 7. f3 Bg6 8. Nxg6 hxg6 9. Qb3 Qb6 10. c5 Qxb3 11. axb3 Na6 12. Ra4 Nc7 13. Bf4 Kd7 14. Bxc7 Kxc7 15. b4 Be7 16. b5 Nd7 17. e3 e5 18. Be2 Bg5 19. Kf2 exd4 20. exd4 Bd2 21. Nb1 Bg5 22. f4 Be7 23. Nc3 f5 24. h4 Rhe8 25. Rha1 Nxc5 26. Rxa7 Rxa7 27. Rxa7 Kb8 28. Ra2 Nb3 29. bxc6 bxc6 30. h5 Bf6 31. Bf3 Bxd4+ 32. Kg2 Re1 33. hxg6 Nd2 34. Bd1 Bxc3 35. bxc3 Rxd1 36. g4 fxg4 37. Kg3 Ne4+ 38. Kxg4 Rg1+ 39. Kf5 Nxc3 40. Rh2 Ne4 41. Rh7 Nd6+ 42. Ke6 Rxg6+ 43. Kd7 Nf5 44. Rh5 Rd6+ 45. Ke8 g6 46. Rg5 d4 47. Kf7 d3 0-1

[Event "WYCC 2018 G18"]
[Site "Halkidiki"]
[Date "2018.10.27"]
[Round "8"]
[White "Gajcin, Marina"]
[Black "Sliwicka, Alicja"]
[Result "1-0"]
[ECO "C55"]
[WhiteElo "2153"]
[BlackElo "2264"]
[Annotator "NA"]
[PlyCount "157"]
[EventDate "2018.10.20"]
[EventType "swiss"]
[EventCountry "GRE"]
[SourceTitle "playchess.com"]
[Source "ChessBase"]
[SourceQuality "1"]
[TimeControl "40/5400+30:1800+30"]

1. e4 e5 2. Nf3 Nc6 3. Bc4 Nf6 4. d3 h6 5. c3 d6 6. Nbd2 g6 7. O-O Bg7 8. Bb3 O-O 9. Nc4 {[%emt 0:03:05] LiveBook: 6 Partien} Kh8 10. Ne3 Bd7 11. Bc2 Qe7 12. Re1 Rae8 13. b4 $14 Nh7 14. b5 Nb8 15. Rb1 f5 16. Nd5 Qd8 17. d4 c6 18. bxc6 bxc6 19. Nb4 a5 20. Nd3 fxe4 21. Rxe4 Bf5 22. Nde1 Bxe4 23. Bxe4 Qf6 24. Be3 Rf7 25. Qc2 Nf8 26. dxe5 dxe5 27. Nd3 Nbd7 28. Rb7 Qd8 29. Qb3 Ree7 30. Nh4 Rf6 31. Qb1 Rd6 32. g3 c5 33. Kg2 c4 34. Ne1 Ree6 35. Nef3 Nb6 36. Bc5 Rd1 37. Qb5 Nbd7 38. Be3 Rdd6 39. Qxc4 Kh7 40. Qb5 Nf6 41. Qb1 Nxe4 42. Qxe4 Qc8 43. Bxh6 Rd7 44. Rxd7 Qxd7 45. Be3 Qc6 46. Qg4 Kg8 47. c4 Re8 48. c5 Rb8 49. Qc4+ Kh8 50. a3 a4 51. Kh3 Bf6 52. g4 Bxh4 53. Nxh4 Kg7 54. Qc3 Nd7 55. Qd2 Rh8 56. Kg3 Nf6 57. f3 Nd5 58. Bg5 Qxc5 59. Qd1 Qc6 60. Qe1 Qd6 61. Qe4 Ra8 62. Nxg6 Qxg6 63. Qxe5+ Kh7 64. Qxd5 Rg8 65. h4 Qb1 66. Be3 Qb8+ 67. Bf4 Qb1 68. Qh5+ Kg7 69. Be5+ Kf8 70. Qh6+ Kf7 71. Qf6+ Ke8 72. Qe6+ Kf8 73. Qc8+ Ke7 74. Qxg8 Qe1+ 75. Kf4 Qd2+ 76. Kf5 Qd3+ 77. Kg5 Qxf3 78. Qg7+ Ke8 79. Qg6+ 1-0

[Event "WYCC 2018 G18"]
[Site "Halkidiki"]
[Date "2018.10.27"]
[Round "8"]
[White "Arpita, Mukherjee"]
[Black "Antolak, Julia"]
[Result "1/2-1/2"]
[ECO "B50"]
[WhiteElo "2147"]
[BlackElo "2240"]
[Annotator "NA"]
[PlyCount "81"]
[EventDate "2018.10.20"]
[EventType "swiss"]
[EventCountry "GRE"]
[SourceTitle "playchess.com"]
[Source "ChessBase"]
[SourceQuality "1"]
[TimeControl "40/5400+30:1800+30"]

1. e4 c5 2. Nf3 d6 3. c3 Nf6 4. Be2 Bd7 5. Qc2 Qc7 6. d4 cxd4 7. Nxd4 a6 8. Bg5 $11 e6 9. Nd2 Be7 10. O-O Nc6 11. N2b3 O-O 12. a4 e5 13. Nxc6 Bxc6 14. Bxf6 Bxf6 15. Rfd1 Rac8 16. a5 Bd7 17. Nc1 Be6 18. Nd3 Qc4 19. Qd2 Qxe4 20. Nb4 Bg5 21. Qxg5 Qxe2 22. Rd2 Qb5 23. Rxd6 h6 24. Qd2 Qc5 25. Nd5 Kh8 26. Nb6 Rc6 27. Rxc6 Qxc6 28. b4 Qc7 29. Rd1 Re8 30. c4 f5 31. Qd6 Qf7 32. c5 e4 33. Nd5 Bxd5 34. Qxd5 Qg6 35. Qxb7 f4 36. Rd6 Qg5 37. Qd5 Qh4 38. Re6 Rd8 39. Rd6 Re8 40. Re6 Rd8 41. Rd6 1/2-1/2

[Event "WYCC 2018 G18"]
[Site "Halkidiki"]
[Date "2018.10.27"]
[Round "8"]
[White "Tejaswini, Sagar"]
[Black "Hng, Mei-En Emmanuelle"]
[Result "1-0"]
[ECO "B43"]
[WhiteElo "2139"]
[BlackElo "2020"]
[Annotator "NA"]
[PlyCount "75"]
[EventDate "2018.10.20"]
[EventType "swiss"]
[EventCountry "GRE"]
[SourceTitle "playchess.com"]
[Source "ChessBase"]
[SourceQuality "1"]
[TimeControl "40/5400+30:1800+30"]

1. e4 c5 2. Nf3 e6 3. d4 cxd4 4. Nxd4 a6 5. Nc3 Qc7 6. Bd3 Nf6 7. O-O b5 8. Re1 b4 (8... d6 $14) 9. Nb1 Bd6 10. h3 Bb7 11. a3 $16 Be5 12. Nf3 bxa3 13. Nxa3 Nc6 14. Nc4 O-O 15. Nfxe5 Nxe5 16. Bf4 d6 17. Nxe5 dxe5 18. Bd2 a5 19. Qe2 Nd7 20. Be3 Kh8 21. Ra3 f5 22. f3 Rf7 23. Bf2 f4 24. Rea1 Rff8 25. Qe1 Nb8 26. Rxa5 Nc6 27. Rxa8 Bxa8 28. b4 Nd4 29. c3 Nc6 30. b5 Qd7 31. Be2 Ne7 32. c4 Bb7 33. c5 Bc8 34. Rd1 Qc7 35. Qd2 Ng8 36. Qd6 Qf7 37. c6 Nf6 38. Bc5 1-0

[Event "WYCC 2018 G18"]
[Site "Halkidiki"]
[Date "2018.10.27"]
[Round "8"]
[White "Redondo Benavente, Ana"]
[Black "Gillis Onieva, Celia"]
[Result "1/2-1/2"]
[ECO "C00"]
[WhiteElo "2055"]
[BlackElo "1892"]
[Annotator "NA"]
[PlyCount "114"]
[EventDate "2018.10.20"]
[EventType "swiss"]
[EventCountry "GRE"]
[SourceTitle "playchess.com"]
[Source "ChessBase"]
[SourceQuality "1"]
[TimeControl "40/5400+30:1800+30"]

1. e4 e6 2. d4 d5 3. Bd3 dxe4 4. Bxe4 Nf6 5. Bf3 c5 6. Ne2 Be7 7. Be3 O-O 8. O-O Nc6 9. c3 Qc7 10. Ng3 Rd8 11. Qc1 Nd5 12. Bxd5 Rxd5 13. c4 Rd8 14. dxc5 Nb4 15. Nc3 Bxc5 16. Bxc5 Nd3 17. Qe3 Qxc5 18. Qxc5 Nxc5 19. Rad1 Bd7 20. Rd6 Kf8 21. Rfd1 Ke7 22. b4 Na6 23. a3 Rac8 24. c5 Nc7 25. f4 Ne8 26. R6d3 Nf6 27. Nge4 Nxe4 28. Nxe4 Bc6 29. Nc3 Rxd3 30. Rxd3 a6 31. a4 Be8 32. a5 Bc6 33. Kf2 h6 34. Ne2 Bb5 35. Rd6 Bxe2 36. Kxe2 Rc6 37. Rd3 Rc7 38. Ke3 Rd7 39. Rc3 f6 40. g3 f5 41. h3 e5 42. fxe5 Ke6 43. c6 Rc7 44. cxb7 Rxb7 45. Rc6+ Kxe5 46. Rxa6 Rxb4 47. Rg6 Rb3+ 48. Ke2 Ra3 49. a6 f4 50. gxf4+ Kxf4 51. h4 h5 52. Rxg7 Rxa6 53. Rg5 Ra2+ 54. Kd3 Rh2 55. Rxh5 Kg4 56. Rh8 Rxh4 57. Rxh4+ Kxh4 1/2-1/2

[Event "WYCC 2018 G18"]
[Site "Halkidiki"]
[Date "2018.10.27"]
[Round "8"]
[White "Avetisyan, Mariam"]
[Black "Dimitrova, Aleksandra"]
[Result "1/2-1/2"]
[ECO "A05"]
[WhiteElo "2049"]
[BlackElo "2228"]
[Annotator "NA"]
[PlyCount "111"]
[EventDate "2018.10.20"]
[EventType "swiss"]
[EventCountry "GRE"]
[SourceTitle "playchess.com"]
[Source "ChessBase"]
[SourceQuality "1"]
[TimeControl "40/5400+30:1800+30"]

1. Nf3 Nf6 2. d4 e6 3. g3 b5 4. Qd3 a6 5. a4 b4 {[%emt 0:03:03] LiveBook: 19 Games} 6. c4 Bb7 $11 7. Nbd2 c5 8. dxc5 Bxc5 9. Bg2 d5 10. O-O Nbd7 11. cxd5 Bxd5 12. e4 Bb7 13. a5 Be7 14. e5 Nd5 15. Ne4 h6 16. Be3 Nxe3 17. Qxe3 O-O 18. Rfd1 Bd5 19. Qd4 Qc7 20. Rdc1 Qa7 21. Qxa7 Rxa7 22. Nd6 Raa8 23. Nc4 Rab8 24. Nd4 Rfc8 25. Bxd5 exd5 26. Ne3 Nxe5 27. Nxd5 Bf8 28. Nf5 Kh7 29. Nb6 Rd8 30. Ne3 Rd2 31. Nbc4 Nxc4 32. Nxc4 Re2 33. Kf1 Re6 34. Re1 b3 35. Rxe6 fxe6 36. Re1 Rc8 37. Re4 Kg6 38. Ke2 Kf6 39. Kd3 Bc5 40. Kc3 g5 41. f4 Bg1 42. h3 Bh2 43. fxg5+ hxg5 44. Re3 Rh8 45. g4 Bf4 46. Rd3 Rb8 47. Nb6 Rb7 48. Kxb3 Ke5 49. Kc3 Ke4 50. b3 Be5+ 51. Kc2 Bd4 52. Nc4 Rd7 53. Nd2+ Kf4 54. Rf3+ Ke5 55. Nc4+ Ke4 56. Nd2+ 1/2-1/2

[Event "WYCC 2018 G18"]
[Site "Halkidiki"]
[Date "2018.10.27"]
[Round "8"]
[White "Tarini Goyal"]
[Black "Muratova, Saltanat"]
[Result "1-0"]
[ECO "E04"]
[WhiteElo "2026"]
[BlackElo "1859"]
[Annotator "NA"]
[PlyCount "131"]
[EventDate "2018.10.20"]
[EventType "swiss"]
[EventCountry "GRE"]
[SourceTitle "playchess.com"]
[Source "ChessBase"]
[SourceQuality "1"]
[TimeControl "40/5400+30:1800+30"]

1. d4 d5 2. c4 e6 3. Nf3 Nf6 4. g3 dxc4 5. Bg2 Nc6 6. O-O a6 7. Bg5 Be7 8. a4 Na5 9. Nbd2 h6 10. Bf4 Nd5 11. Be5 O-O 12. e4 Nb4 13. Bf4 c5 14. Be3 cxd4 15. Bxd4 b5 16. Bc3 Bb7 17. axb5 axb5 18. Nd4 Qb6 19. Qg4 g6 20. Qf4 Nd3 21. Qxh6 e5 22. Nf5 Bf6 23. Nf3 Rfd8 24. Ng5 Rd7 25. Rxa5 Rxa5 26. Bxa5 Qxa5 27. Qh7+ Kf8 28. Ne6+ fxe6 29. Qxd7 exf5 30. Qxb7 f4 31. Bh3 f3 32. Be6 Be7 33. Qb8+ Bd8 34. Qd6+ Be7 35. Qb8+ Bd8 36. Bd5 Qb6 37. Qc8 Nxb2 38. Qd7 Be7 39. Qc8+ Bd8 40. Qd7 Be7 41. Ra1 Na4 42. Bc6 Qc5 43. Bxb5 Nb6 44. Qc6 Qxc6 45. Bxc6 c3 46. Bb5 Bc5 47. h4 Bd4 48. Ra2 Kg7 49. g4 Nc8 50. Kh2 Na7 51. Bd7 Kf7 52. Kg3 Ke7 53. Ba4 Nc8 54. Kxf3 Nb6 55. Bb5 Nc8 56. h5 gxh5 57. gxh5 Kf6 58. Kg4 Nd6 59. Bd3 Nf7 60. Ra6+ Kg7 61. f3 Nh6+ 62. Kh4 Bf2+ 63. Kh3 Be3 64. Bc2 Ng8 65. Rg6+ Kf7 66. Bb3+ 1-0

[Event "WYCC 2018 G18"]
[Site "Halkidiki"]
[Date "2018.10.27"]
[Round "8"]
[White "Greibrokk, Ingrid"]
[Black "Hunt, Fikirte"]
[Result "1-0"]
[ECO "A16"]
[WhiteElo "2018"]
[BlackElo "1827"]
[Annotator "NA"]
[PlyCount "91"]
[EventDate "2018.10.20"]
[EventType "swiss"]
[EventCountry "GRE"]
[SourceTitle "playchess.com"]
[Source "ChessBase"]
[SourceQuality "1"]
[TimeControl "40/5400+30:1800+30"]

1. c4 Nf6 2. Nc3 g6 3. g3 d5 4. cxd5 Nxd5 5. Bg2 Nxc3 6. bxc3 Bg7 7. Nf3 c5 8. O-O O-O 9. d4 Qa5 $14 {[%emt 0:00:56] LiveBook: 9 Games} 10. Qb3 Nc6 11. Bb2 Rd8 12. d5 c4 13. Qxc4 Rxd5 14. Nd4 Rc5 15. Nxc6 bxc6 16. Qb4 Ba6 17. Ba3 Qxb4 18. Bxb4 Re5 19. Bxc6 Rc8 20. Bf3 Bxe2 21. Bxe2 Rxe2 22. Rfe1 Rb2 23. Rab1 Bxc3 24. Rxb2 Bxb2 25. Bxe7 Bd4 26. Rd1 Bb6 27. Rd2 f5 28. Bg5 Rc7 29. Kg2 Kf7 30. Bd8 Rb7 31. Bxb6 axb6 32. Rb2 Ke7 33. a4 Kd7 34. a5 Kc7 35. axb6+ Kd6 36. Kf3 Ke5 37. h4 h5 38. Rb5+ Ke6 39. Kf4 Kf6 40. Rb4 Ke6 41. Rb5 Kf6 42. Ke3 Ke6 43. Kd4 Kd6 44. Kc4 Kc6 45. Rc5+ Kd6 46. Kb5 1-0

[Event "WYCC 2018 G18"]
[Site "Halkidiki"]
[Date "2018.10.27"]
[Round "8"]
[White "Du, Yuxin"]
[Black "Buchta, Agnieszka"]
[Result "1-0"]
[ECO "B98"]
[WhiteElo "2011"]
[BlackElo "1879"]
[Annotator "NA"]
[PlyCount "111"]
[EventDate "2018.10.20"]
[EventType "swiss"]
[EventCountry "GRE"]
[SourceTitle "playchess.com"]
[Source "ChessBase"]
[SourceQuality "1"]
[TimeControl "40/5400+30:1800+30"]

1. e4 c5 2. Nf3 e6 3. d4 cxd4 4. Nxd4 Nf6 5. Nc3 d6 6. Bg5 a6 7. f4 h6 8. Bh4 Be7 9. Qf3 Qc7 10. O-O-O Nc6 11. Bf2 Bd7 12. Bd3 O-O-O 13. h3 Kb8 14. Qe3 Nxd4 15. Qxd4 Qc5 16. e5 Qxd4 17. Bxd4 dxe5 18. fxe5 Nd5 19. Nxd5 exd5 20. Rdf1 Be6 21. Bf5 Rhf8 22. Rf3 Kc7 23. Rhf1 Kd7 24. g4 Rc8 25. Kd2 Bc5 26. c3 Rc7 27. Bd3 Be7 28. b4 Rfc8 29. a4 a5 30. Bb5+ Kd8 31. Bb6 axb4 32. cxb4 Bxb4+ 33. Kd3 Ke7 34. Bxc7 Rxc7 35. Ke2 Bc3 36. Rc1 Bxe5 37. Rxc7+ Bxc7 38. Bd3 Bd6 39. Bf5 b6 40. Kd2 Bc5 41. Rf1 Kd6 42. Kd3 Ke5 43. Bxe6 fxe6 44. Rf7 g6 45. h4 h5 46. g5 Bb4 47. Ke2 d4 48. Rf6 d3+ 49. Kd1 d2 50. Rxg6 Kf5 51. Rf6+ Ke5 52. Rf7 Bc3 53. g6 Ke4 54. g7 Bxg7 55. Rxg7 Ke3 56. Rg5 1-0

[Event "WYCC 2018 G18"]
[Site "Halkidiki"]
[Date "2018.10.27"]
[Round "8"]
[White "Priyanka, Kumari"]
[Black "Cvitan, Ena"]
[Result "1/2-1/2"]
[ECO "B10"]
[WhiteElo "2005"]
[BlackElo "2034"]
[Annotator "NA"]
[PlyCount "94"]
[EventDate "2018.10.20"]
[EventType "swiss"]
[EventCountry "GRE"]
[SourceTitle "playchess.com"]
[Source "ChessBase"]
[SourceQuality "1"]
[TimeControl "40/5400+30:1800+30"]

1. e4 c6 2. Nc3 d5 3. Nf3 dxe4 4. Nxe4 Nf6 5. Qe2 Nxe4 6. Qxe4 Qa5 7. Bc4 Qf5 8. Qxf5 Bxf5 9. d3 e6 10. Bf4 Be7 11. O-O-O Nd7 12. Rhe1 Bg4 13. d4 Bxf3 14. gxf3 Nb6 15. Bb3 O-O 16. c4 Bf6 17. Re2 Rfd8 18. Red2 Rd7 19. Be3 Rc8 20. Kb1 Rcd8 21. a4 Kf8 22. a5 Nc8 23. d5 exd5 24. cxd5 cxd5 25. Bxd5 b6 26. a6 Ne7 27. Be4 Rxd2 28. Rxd2 Rxd2 29. Bxd2 Bd4 30. Bf4 f5 31. Bd3 Bxf2 32. Bb8 Nc6 33. Bd6+ Kf7 34. Bxf5 Bc5 35. Bg3 Nb4 36. Bc8 Ke7 37. h3 g5 38. Be1 Kd6 39. Bf5 h6 40. Bc3 Nxa6 41. Bg7 Nc7 42. Bxh6 Ke5 43. Bg4 Be7 44. Bg7+ Kf4 45. Kc2 Nd5 46. Bd4 Ne3+ 47. Bxe3+ Kxe3 1/2-1/2

[Event "WYCC 2018 G18"]
[Site "Halkidiki"]
[Date "2018.10.27"]
[Round "8"]
[White "Stashis, Anna"]
[Black "Nguyen, Thi Minh Thu"]
[Result "0-1"]
[ECO "B12"]
[WhiteElo "1979"]
[BlackElo "1849"]
[Annotator "NA"]
[PlyCount "76"]
[EventDate "2018.10.20"]
[EventType "swiss"]
[EventCountry "GRE"]
[SourceTitle "playchess.com"]
[Source "ChessBase"]
[SourceQuality "1"]
[TimeControl "40/5400+30:1800+30"]

1. e4 c6 2. d4 d5 3. e5 Bf5 4. Nf3 e6 5. Be2 c5 6. Be3 Nc6 7. O-O {[%emt 0:05:11] LiveBook: 88 Games} Qb6 $16 (7... cxd4 $11 8. Nxd4 (8. Bxd4 Nge7 $11) 8... Nge7) 8. Nc3 Qxb2 9. Nb5 Rc8 10. dxc5 Qxc2 11. Qxc2 Bxc2 12. Nfd4 Nxd4 13. Nxd4 Ba4 14. Rab1 Bxc5 15. Rxb7 Nh6 16. Nb5 O-O 17. Nxa7 Bxa7 18. Rxa7 Ra8 19. Rxa8 Rxa8 20. Bxh6 gxh6 21. Rc1 Rb8 22. Bd1 Bxd1 23. Rxd1 Rb4 24. f3 Ra4 25. Rd2 Kg7 26. g3 Kg6 27. f4 Kf5 28. Kf2 h5 29. Ke3 h4 30. gxh4 Re4+ 31. Kd3 Rxf4 32. Kc3 Kxe5 33. Kb3 Rc4 34. a4 Kd6 35. Rg2 Rxh4 36. Rc2 Rc4 37. Rxc4 dxc4+ 38. Kxc4 Kc6 0-1

[Event "WYCC 2018 G18"]
[Site "Halkidiki"]
[Date "2018.10.27"]
[Round "8"]
[White "Manova, Ivana"]
[Black "Perminaite, Guoda"]
[Result "1/2-1/2"]
[ECO "C54"]
[WhiteElo "1951"]
[BlackElo "1840"]
[Annotator "NA"]
[PlyCount "99"]
[EventDate "2018.10.20"]
[EventType "swiss"]
[EventCountry "GRE"]
[SourceTitle "playchess.com"]
[Source "ChessBase"]
[SourceQuality "1"]
[TimeControl "40/5400+30:1800+30"]

1. e4 e5 2. Nf3 Nc6 3. d4 exd4 4. Bc4 Bc5 5. c3 Nf6 6. e5 d5 7. Bb5 Ne4 8. cxd4 Bb6 9. Nc3 O-O 10. Be3 Bg4 11. O-O Ba5 12. Bxc6 bxc6 13. Na4 f6 14. Qd3 Bb6 15. Nd2 Bf5 16. Nxe4 Bxe4 17. Qc3 fxe5 18. Nxb6 exd4 19. Bxd4 axb6 20. f3 Bg6 21. Qxc6 Re8 22. f4 Bf5 23. Be5 Ra7 24. Rad1 Be4 25. Rfe1 Qa8 26. Rc1 Re7 27. a3 Qd8 28. Re3 Qd7 29. Rec3 Qxc6 30. Rxc6 d4 31. Rxc7 Raxc7 32. Rxc7 Rxc7 33. Bxc7 d3 34. Kf2 b5 35. g3 h5 36. Ke3 Bf5 37. b3 Kf7 38. a4 bxa4 39. bxa4 Bd7 40. a5 Bb5 41. h3 Ke6 42. g4 hxg4 43. hxg4 g6 44. Bd8 Kd5 45. Bg5 Kc6 46. f5 gxf5 47. gxf5 Kb7 48. Kd4 Be8 49. Kxd3 Bf7 50. Ke4 1/2-1/2

[Event "WYCC 2018 G18"]
[Site "Halkidiki"]
[Date "2018.10.27"]
[Round "8"]
[White "Vlkova, Anezka"]
[Black "Represa Perez, Mireya"]
[Result "0-1"]
[ECO "B23"]
[WhiteElo "1925"]
[BlackElo "2151"]
[Annotator "NA"]
[PlyCount "52"]
[EventDate "2018.10.20"]
[EventType "swiss"]
[EventCountry "GRE"]
[SourceTitle "playchess.com"]
[Source "ChessBase"]
[SourceQuality "1"]
[TimeControl "40/5400+30:1800+30"]

1. e4 c5 2. Nc3 a6 3. g3 b5 4. Bg2 Bb7 5. d3 e6 6. Nh3 Be7 7. O-O b4 8. Ne2 Nc6 9. f4 d5 10. Nf2 Nf6 $11 11. a3 a5 12. h3 O-O 13. g4 Ne8 14. exd5 exd5 15. Ng3 g6 16. g5 f6 17. gxf6 Bxf6 18. f5 Be5 19. Bh6 Ng7 20. Ng4 Bxg3 21. f6 Nf5 22. Bxf8 Kxf8 23. Qd2 Ncd4 24. axb4 cxb4 25. Ra2 Qb6 26. Kh1 Bd6 0-1

[Event "WYCC 2018 G18"]
[Site "Halkidiki"]
[Date "2018.10.27"]
[Round "8"]
[White "Kieu, Bich Thuy"]
[Black "Rozman, Monika"]
[Result "1-0"]
[ECO "A85"]
[WhiteElo "1913"]
[BlackElo "2141"]
[Annotator "NA"]
[PlyCount "123"]
[EventDate "2018.10.20"]
[EventType "swiss"]
[EventCountry "GRE"]
[SourceTitle "playchess.com"]
[Source "ChessBase"]
[SourceQuality "1"]
[TimeControl "40/5400+30:1800+30"]

1. d4 f5 2. c4 Nf6 3. Nc3 g6 4. Nf3 Bg7 5. Bf4 O-O 6. e3 d6 $11 {[%emt 0:01:07] LiveBook: 100 Games} 7. Be2 Nc6 8. h4 Bd7 9. Nd5 e6 10. Nxf6+ Bxf6 11. Bg5 Qe7 12. Bxf6 Qxf6 13. Qb3 Rab8 14. c5 Kh8 15. Rd1 dxc5 16. dxc5 Be8 17. Ng5 e5 18. Qe6 e4 19. Qxf6+ Rxf6 20. f3 exf3 21. gxf3 h6 22. f4 Ne7 23. Rh3 Bc6 24. Bc4 Rc8 25. Nf7+ Kg7 26. Ne5 Re8 27. Rg3 h5 28. Kf2 Rff8 29. Rg5 Rd8 30. Rgg1 a6 31. Bb3 Kf6 32. Nf3 Bd5 33. Bxd5 Rxd5 34. Ne5 Rfd8 35. Ke2 c6 36. Nc4 Rxd1 37. Rxd1 Nd5 38. Na5 Re8 39. Kf2 Re7 40. Rd3 Kg7 41. Rb3 Kf8 42. Kf3 Re4 43. a3 Ra4 44. Nxb7 Rc4 45. Nd8 Nf6 46. Nxc6 Ne4 47. Rb8+ Kg7 48. Nd4 Rc1 49. c6 Rh1 50. Kg2 Rc1 51. c7 Nd6 52. Rd8 Kf7 53. Rxd6 Rxc7 54. Rxa6 Re7 55. Kf2 g5 56. fxg5 Re4 57. Nxf5 Kg8 58. g6 Re8 59. Ra7 Rf8 60. e4 Rb8 61. Nh6+ Kf8 62. g7+ 1-0

[Event "WYCC 2018 G18"]
[Site "Halkidiki"]
[Date "2018.10.27"]
[Round "8"]
[White "Tsivelekidou, Evgenia"]
[Black "Nistor, Valentina"]
[Result "1-0"]
[ECO "D30"]
[WhiteElo "1891"]
[BlackElo "1881"]
[Annotator "NA"]
[PlyCount "73"]
[EventDate "2018.10.20"]
[EventType "swiss"]
[EventCountry "GRE"]
[SourceTitle "playchess.com"]
[Source "ChessBase"]
[SourceQuality "1"]
[TimeControl "40/5400+30:1800+30"]

1. d4 d5 2. c4 e6 3. Nf3 Nf6 4. g3 a6 5. Qc2 Bd6 6. Bg2 O-O 7. O-O c6 8. Nbd2 Nbd7 9. e4 dxe4 10. Nxe4 Nxe4 11. Qxe4 Nf6 12. Qe2 c5 13. Rd1 Qe7 14. dxc5 Bxc5 15. Ne5 h6 16. Bf4 g5 17. Bd2 Rb8 18. Bc3 Bb4 19. Bxb4 Qxb4 20. a3 Qe7 21. b4 Nd7 22. c5 Nxe5 23. Qxe5 Bd7 24. Qc7 Rfd8 25. Bxb7 Qf6 26. c6 Be8 27. Qb6 Bxc6 28. Qxc6 Rd2 29. Qf3 Qb2 30. Rxd2 Qxa1+ 31. Rd1 Qe5 32. Bxa6 Rb6 33. Bf1 Rb8 34. b5 Rc8 35. b6 Rc3 36. Qa8+ Kg7 37. Qa4 1-0

[Event "WYCC 2018 G18"]
[Site "Halkidiki"]
[Date "2018.10.27"]
[Round "8"]
[White "Dong, Khanh Linh"]
[Black "Limanovska, Elizabete"]
[Result "1/2-1/2"]
[ECO "E18"]
[WhiteElo "1879"]
[BlackElo "2072"]
[Annotator "NA"]
[PlyCount "90"]
[EventDate "2018.10.20"]
[EventType "swiss"]
[EventCountry "GRE"]
[SourceTitle "playchess.com"]
[Source "ChessBase"]
[SourceQuality "1"]
[TimeControl "40/5400+30:1800+30"]

1. d4 Nf6 2. Nf3 e6 3. g3 b6 4. Bg2 Bb7 5. O-O Be7 6. c4 O-O 7. Nc3 Ne4 8. Nxe4 Bxe4 9. Ne1 Bxg2 10. Nxg2 f5 11. d5 Bf6 12. Rb1 Qe7 13. a3 e5 14. e4 fxe4 15. Re1 d6 16. h4 Nd7 17. b4 a5 18. Rxe4 axb4 19. axb4 Qf7 20. Qe2 b5 21. h5 bxc4 22. Ne3 Nb6 23. Rg4 Bd8 24. Nxc4 Qxd5 25. Bh6 Rf7 26. Nxb6 cxb6 27. Rd1 Qe6 28. Be3 Bc7 29. h6 g6 30. Rc4 d5 31. Rc2 Re8 32. Rdc1 Bd6 33. Bxb6 Bxb4 34. Rc6 Qf5 35. Qb5 d4 36. Rf1 Bf8 37. Rc7 Ree7 38. Rxe7 Rxe7 39. Bc5 Rf7 40. Qe8 Qg5 41. Bxf8 Rxf8 42. Qe6+ Kh8 43. Re1 Qxh6 44. Rxe5 Qg7 45. Rd5 Qf6 1/2-1/2